 Seeded DCSS version 0.32-a0-30-gefbe487952 (webtiles) character file.

Game seed: 9872065412798756122 (custom seed)

7722 timneilson the Blocker (level 11, -7/67 HPs)
             Began as a Gargoyle Fighter on Jan 19, 2024.
             Was a Priest of Makhleb.
             Mangled by Fannar
             ... wielding a staff of cold
              (11 damage)
             ... on level 10 of the Dungeon.
             The game lasted 00:21:15 (8946 turns).

timneilson the Blocker (Gargoyle Fighter)           Turns: 8946, Time: 00:21:16

Health: -7/67      AC: 30    Str: 25 (27) XL:     11   Next: 19%
Magic:  14/14      EV:  9    Int: 10 (13) God:    Makhleb [***...]
Gold:   961        SH: 12    Dex: 12 (13) Spells: 10/10 levels left

rFire   . . .        y - +1 double sword (elec)
rCold   . . .        c - +1 buckler
rNeg    + . .        n - +0 plate armour
rPois   ∞            m - +2 helmet
rElec   +            v - +0 cloak
rCorr   .            w - +2 pair of gloves
SInv    +            (no boots)
Will    .....        C - amulet of reflection Stlth
                     D - ring of see invisible
HPRegen 0.31/turn    f - ring of Casuq {Str+6 Int+5}
MPRegen 0.14/turn

%: reflection
@: studying Dodging
A: sickness immunity, AC +8, negative energy resistance 1, electricity
resistance, torment resistance 1, petrification resistance
a: Renounce Religion, Minor Destruction, Lesser Servant of Makhleb


You were on level 10 of the Dungeon.
You worshipped Makhleb.
Makhleb was most pleased with you.
You visited 2 branches of the dungeon, and saw 11 of its levels.

You collected 1351 gold pieces.
You spent 390 gold pieces at shops.

Inventory:

Hand Weapons
 a - a +1 long sword of electrocution
 x - a +0 scimitar of draining
 y - a +1 double sword of electrocution (weapon)
Missiles
 B - 3 throwing nets (quivered)
Armour
 c - a +1 buckler (worn)
 m - a +2 helmet (worn)
 n - a +0 plate armour (worn)
 v - a +0 cloak (worn)
 w - a +2 pair of gloves (worn)
Jewellery
 f - the ring of Casuq (right hand) {Str+6 Int+5}
   (You found it on level 7 of the Dungeon)

   [ring of strength]

   Str+6:     It affects your strength (+6).
   Int+5:     It affects your intelligence (+5).
 A - the ring of Xom's Full Attention {rF+ Int+4}
   (You acquired it on level 6 of the Dungeon)

   [ring of protection from fire]

   Int+4:     It affects your intelligence (+4).
   rF+:       It protects you from fire.
 C - an amulet of reflection (around neck)
 D - a ring of see invisible (left hand)
Wands
 j - a wand of flame (7)
 s - a wand of iceblast (9)
 z - a wand of paralysis (7)
Scrolls
 e - 3 scrolls of revelation
 h - a scroll of fear
 l - 2 scrolls of poison
 o - 7 scrolls of teleportation
 p - a scroll of identify
 r - a scroll of fog
 t - 2 scrolls of amnesia
 u - a scroll of silence
Potions
 b - a potion of brilliance
 d - 2 potions of might
 g - 3 potions of magic
 i - 3 potions of mutation
 k - 2 potions of enlightenment
 q - 5 potions of invisibility
 F - a potion of attraction {unknown}


   Skills:
 + Level 7.2 Fighting
 * Level 7.5 Long Blades
 * Level 9.5 Armour
 + Level 5.7 Dodging
 * Level 9.6 Shields
 + Level 4.7 Invocations
 + Level 2.2 Evocations


You had 10 spell levels left.
You didn't know any spells.
Your spell library contained the following spells:

 Spells                   Type           Power      Damage    Failure   Level
 Call Imp                 Summ           0%         N/A       100%        2
 Ensorcelled Hibernation  Hex/Ice        0%         N/A       100%        2
 Passwall                 Erth           0%         N/A       100%        3
 Swiftness                Air            0%         N/A       100%        3
 Summon Hydra             Summ           0%         N/A       100%        7
 Sublimation of Blood     Necr           Unusable   N/A       N/A         2

Dungeon Overview and Level Annotations

Branches:
Dungeon (10/15)            Temple (1/1) D:5            Lair (0/5) D:9
    Orc: D:9-12

Altars:
Ashenzari
Cheibriados
Dithmenos
Elyvilon
Fedhas
Gozag
Hepliaklqana
Kikubaaqudgha
Makhleb
Nemelex Xobeh
Okawaru
Qazlal
Ru
Sif Muna
Trog
Uskayaw
Vehumet
Wu Jian
Xom
Yredelemnul
Zin
The Shining One

Shops:
D:1 :   D:8 =   D:9 *

Annotations:
D:4 1 runed translucent door
D:10 1 runed translucent door, Fannar; jasper's ghost, novice AtFi
Temple 2 transporters


Innate Abilities, Weirdness & Mutations

You are immune to sickness and miasma.
Your stone body is resilient. (AC +8)
You are immune to poison.
You resist negative energy. (rN+)
You are resistant to electric shocks. (rElec)
You are resistant to unholy torment.
You are immune to petrification.


Message History

Unknown command.
You slash Fannar! Lightning courses through Fannar!
Fannar is almost dead.
You block Fannar's attack.
You hit Fannar.
Fannar is almost dead.
Fannar is no longer covered in acid.
Fannar hits you with a staff of cold.
You closely miss Fannar.
Fannar is almost dead.
Fannar gestures wildly while chanting.
Fannar drains the heat from the surrounding environment!
* * * LOW HITPOINT WARNING * * *
Unknown command.
You closely miss Fannar.
Fannar is almost dead.
Fannar hits you but does no damage. Fannar freezes you!
* * * LOW HITPOINT WARNING * * *
Fannar mumbles some strange words.
Fannar blinks!
Unknown command.
Aiming: Throw Flame
Press: ? - help, Shift-Dir - straight line, f/p - Fannar
Aim: Fannar, wielding a staff of cold and wearing a +2 robe of cold resistance (almost dead, 53% to hit)
The puff of flame misses Fannar.
Aiming: Throw Flame
Press: ? - help, Shift-Dir - straight line, f/p - Fannar
Aim: Fannar, wielding a staff of cold and wearing a +2 robe of cold resistance (almost dead, 53% to hit)
The puff of flame hits Fannar.
Fannar is almost dead.
It was a potion of degeneration.
There was something very wrong with that liquid.
You feel weakened.
You feel dopey.
You feel clumsy. You block Fannar's attack.
Aiming: Throw Flame
Press: ? - help, Shift-Dir - straight line, f/p - Fannar
Aim: Fannar, wielding a staff of cold and wearing a +2 robe of cold resistance (almost dead, 53% to hit)
The puff of flame misses Fannar.
Fannar hits you with a staff of cold.
* * * LOW HITPOINT WARNING * * *
Fannar freezes you!
You die...

##### #...# #...#
#
#...############
###
#.......@.......
...
#........e......
...
#...............
...
#...............
#+#####
##.....######+#..
#......
#......#......# .
#......
#......#......#
#......
#......#......#
#...>..
#......#......#
#......


You could see Fannar.

Vanquished Creatures
  A deep elf pyromancer (D:7)
  2 unseen horrors (D:10)
  A komodo dragon (D:10)
  Sigmund (D:3)
  2 shadows (D:10)
  A wyvern (D:8)
  5 yaks (D:10)
  The ghost of knightboat the Magician, an amateur OnFE (D:3)
  A steam dragon (D:7)
  3 vampire mosquitoes (D:10)
  An acid dragon (D:10)
  2 water moccasins (D:7)
  2 orc warriors
  2 ice beasts
  2 ogres (D:4)
  3 black bears
  2 sky beasts
  The ghost of Echelon the Covered, an amateur DsFi (D:4)
  6 centaurs
  2 kobold brigands
  Blork the orc (D:4)
  4 bullfrogs
  A gnoll sergeant (D:9)
  2 scorpions
  6 wights
  8 killer bees
  5 howler monkeys
  2 bombardier beetles
  7 hounds
  A gnoll bouda (D:9)
  4 orc priests
  4 jellies
  3 sleepcaps
  6 iguanas
  An orc wizard (D:8)
  2 hound zombies (D:5)
  16 gnolls
  7 adders
  A white imp (D:6)
  2 ufetubi (D:6)
  A dart slug (D:4)
  3 ribbon worms
  18 orcs
  A bat (D:1)
  10 endoplasms
  2 giant cockroaches
  6 goblins
  10 hobgoblins
  2 jackals (D:9)
  A quokka (D:4)
  2 ball pythons
  2 frilled lizards (D:1)
  18 kobolds
  4 rats
204 creatures vanquished.

Notes
Turn   | Place    | Note
-------+----------+-------------------------------------------
     0 | D:1      | timneilson the Gargoyle Fighter began the quest for the
                  | Orb.
     0 | D:1      | Reached XP level 1. HP: 14/14 MP: 1/1
   273 | D:1      | Found Logiotz's Book Emporium.
   309 | D:1      | Reached XP level 2. HP: 19/19 MP: 2/2
  1131 | D:2      | Reached XP level 3. HP: 23/23 MP: 3/3
  1620 | D:2      | Found a faded altar of an unknown god.
  1840 | D:3      | Found a sparkling altar of Nemelex Xobeh.
  1841 | D:3      | Found an opulent altar of Gozag.
  1857 | D:3      | Found a runed translucent gate.
  1857 | D:3      | Found a runed translucent gate.
  1857 | D:3      | Found a runed translucent gate.
  1857 | D:3      | Noticed knightboat's ghost (amateur OnFE)
  1858 | D:3      | Identified the +2 leather armour of Nubi {rElec Regen+}
  2019 | D:3      | Found a shimmering altar of Xom.
  2023 | D:3      | Found a shadowy altar of Dithmenos.
  2159 | D:3      | Noticed Sigmund
  2164 | D:3      | Killed Sigmund
  2165 | D:3      | Reached skill level 1 in Dodging
  2165 | D:3      | Reached XP level 4. HP: 22/29 MP: 4/4
  2165 | D:3      | Reached XP level 5. HP: 25/33 MP: 5/5
  2165 | D:3      | Reached XP level 6. HP: 29/38 MP: 6/6
  2448 | D:3      | Identified the +2 leather armour "Nytall" {rF+ Int+5
                  | Stlth+}
  2667 | D:4      | Found a snail-covered altar of Cheibriados.
  2932 | D:4      | Noticed a black bear
  2952 | D:4      | Killed a black bear
  2953 | D:4      | Reached skill level 5 in Armour
  2953 | D:4      | Reached skill level 5 in Shields
  3051 | D:4      | Found a runed translucent door.
  3052 | D:4      | Noticed Echelon's ghost (amateur DsFi)
  3075 | D:4      | Found a runed translucent door.
  3307 | D:4      | Reached XP level 7. HP: 23/43 MP: 5/7
  3575 | D:4      | Noticed Blork the orc
  3584 | D:4      | Killed Blork the orc
  3800 | D:5      | Entered Level 5 of the Dungeon
  3832 | D:4      | Reached XP level 8. HP: 32/48 MP: 5/8
  3928 | D:5      | Reached skill level 5 in Fighting
  3938 | D:5      | Found a staircase to the Ecumenical Temple.
  3948 | Temple   | Found a transporter.
  3948 | Temple   | Found a transporter.
  3948 | Temple   | Found a transporter.
  3948 | Temple   | Found a transporter.
  3948 | Temple   | Entered the Ecumenical Temple
  3962 | Temple   | Became a worshipper of Makhleb the Destroyer
  4080 | D:5      | Found a hide-covered altar of Uskayaw.
  4319 | D:3      | Killed knightboat's ghost
  4320 | D:3      | Reached skill level 1 in Invocations
  4416 | D:4      | Killed Echelon's ghost
  4417 | D:4      | Reached skill level 5 in Long Blades
  4648 | D:5      | Found a basalt altar of Yredelemnul.
  4731 | D:5      | Identified a scroll of acquirement
  4731 | D:5      | Acquired a manual of Dodging
  4764 | D:6      | Reached XP level 9. HP: 54/54 MP: 10/10
  4899 | D:6      | Reached * piety under Makhleb
  6091 | D:6      | Acquired a +1 double sword of holy wrath
  6094 | D:6      | Acquired the ring of Xom's Full Attention {rF+ Int+4}
  6096 | D:6      | Acquired 675 gold pieces
  6121 | D:7      | Found an ornate altar of the Wu Jian Council.
  6382 | D:7      | Noticed a deep elf pyromancer
  6453 | D:7      | Killed a deep elf pyromancer
  6454 | D:7      | Reached XP level 10. HP: 8/60 MP: 1/12
  6737 | D:7      | Identified the ring of Casuq {Str+6 Int+5}
  7430 | D:8      | Found Udeps's Jewellery Shoppe.
  7438 | D:8      | Bought an amulet of reflection for 390 gold pieces
  7561 | D:8      | Found a bloodstained altar of Trog.
  7647 | D:8      | Reached ** piety under Makhleb
  7779 | D:9      | Found Xajeloir's Assorted Antiques.
  7801 | D:9      | Found a staircase to the Lair.
  8229 | D:9      | Reached skill level 1 in Evocations
  8232 | D:9      | Reached skill level 5 in Dodging
  8409 | D:10     | Entered Level 10 of the Dungeon
  8409 | D:10     | Found a runed translucent door.
  8413 | D:10     | Noticed jasper's ghost (novice AtFi)
  8439 | D:10     | Noticed an unseen horror
  8445 | D:10     | Killed an unseen horror
  8579 | D:10     | Noticed an unseen horror
  8588 | D:10     | Killed an unseen horror
  8589 | D:10     | Reached XP level 11. HP: 67/67 MP: 14/14
  8699 | D:10     | Reached *** piety under Makhleb
  8928 | D:10     | Noticed Fannar
  8946 | D:10     | Mangled by Fannar

Illustrated notes

Levels and vault maps discovered:
D:1:      dpeg_arrival_stone_temple_mockup, layout_loops_corners, serial_shops,
          shop, minmay_split_cup_large
D:2:      layout_basic, chequers_ecumenical_altar_grove, chequers_jeans
D:3:      cheibrodos_thug_alley, layout_rooms, grunt_temple_overflow_opulence,
          grunt_temple_overflow_open, biasface_ghost_orc_armoury, uniq_sigmund
D:4:      minmay_razor_zed, layout_gridville, cheibriados_altar_1,
          ebering_ghost_sewer_f, serial_bayou, serial_bayou_pond_d,
          serial_bayou_shore_b, serial_bayou_pond_a, serial_bayou_shore_b,
          uniq_blork_the_orc
D:5:      layout_rooms, lemuel_doored_altar, lemuel_zombie_altar_yredelemnul,
          minmay_temple_entry_overgrown, nicolae_underground_beach
D:6:      layout_basic
D:7:      minmay_clustersquares, layout_loops_cross,
          mainiacjoe_overflow_catwalk, kennysheep_windowed_goal
D:8:      layout_loops_ring, general_overflow_altar, serial_shops,
          nicolae_diamond_shop
D:9:      layout_cave_pools, lair_entry_dummy, serial_gnoll_camp,
          gnoll_camp_mini_shop, gnoll_camp_medium_02, gnoll_camp_mini_hut,
          gnoll_camp_mini_hut
D:10:     layout_irregular_city, hellmonk_ghost_big_iron,
          minmay_gold_behind_fungi, uniq_fannar, uniq_gastronok
Temple:   hellmonk_temple_divided_pantheon

Skill      XL: |  1  2  3  4  5  6  7  8  9 10 11 |
---------------+----------------------------------+-----
Long Blades    | 2 3 4 5 6 7 |  7.5
Fighting       | 4 5 6 7 |  7.2
Armour         | 4 5 6 8 9 |  9.5
Dodging        | 1 2 4 5 |  5.7
Shields        | 4 5 6 8 9 |  9.6
Invocations    | 1 3 4 |  4.7
Evocations     | 1 2 |  2.2

Action                     |  1- 3 |  4- 6 |  7- 9 | 10-12 || total
---------------------------+-------+-------+-------+-------++-------
  Melee: Long sword        |   100 |    63 |   268 |       ||   431
         Double sword      |       |       |    63 |   338 ||   401
         Scimitar          |       |       |    30 |       ||    30
  Evoke: Wand              |       |       |       |     6 ||     6
    Use: Scroll            |    10 |     4 |     9 |     4 ||    27
         Potion            |     1 |       |     4 |     1 ||     6
 Armour: Scale mail        |    39 |       |       |       ||    39
         Chain mail        |    10 |    53 |   286 |   195 ||   544
         Plate armour      |       |       |       |    71 ||    71
  Dodge: Dodged            |    48 |    27 |   160 |   156 ||   391
  Block: Buckler           |    31 |    21 |   133 |   261 ||   446
         Reflection        |       |       |       |     3 ||     3

Table legend: (Time is in decaauts)
 A = Elapsed time spent in this place.
 B = Non-inter-level travel time spent in this place.
 C = Inter-level travel time spent in this place.
 D = Time resting spent in this place.
 E = Time spent auto-exploring this place.
 F = Levels seen in this place.
 G = Mean time per level.
                   A        B        C        D        E       F      G
               +--------+--------+--------+--------+--------+-----+--------+
         Total |   9145 |   8713 |    432 |    401 |   5594 |  11 |  831.4 |
       Dungeon |   9116 |   8696 |    420 |    401 |   5594 |  10 |  911.6 |
        Temple |     28 |     16 |     12 |      0 |      0 |   1 |   28.0 |
               +--------+--------+--------+--------+--------+-----+--------+

Top non-repeatable levels by time:
     D:4: 1435 daAuts
     D:6: 1206 daAuts
     D:7: 1018 daAuts
     D:2: 937 daAuts
     D:1: 902 daAuts
     D:3: 855 daAuts
     D:9: 772 daAuts
     D:8: 751 daAuts
     D:5: 685 daAuts
    D:10: 551 daAuts
  Temple: 28 daAuts
